 Dungeon Crawl Stone Soup version 0.29.0-11-gd7f09526c8 (webtiles) character file.

Game seed: 4385283148822127663

28 mtoz the Covered (level 3, -6/25 HPs)
             Began as a Gnoll Wanderer on Sept 5, 2022.
             Was an Initiate of Ashenzari.
             Mangled by Sigmund
             ... wielding a +0 scythe
              (9 damage)
             ... on level 2 of the Dungeon.
             The game lasted 00:08:30 (1936 turns).

mtoz the Covered (Gnoll Wanderer)                   Turns: 1936, Time: 00:08:30

Health: -6/25      AC:  9    Str: 12    XL:     3   Next: 12%
Magic:  2/9        EV:  9    Int: 10    God:    Ashenzari [......]
Gold:   105        SH:  0    Dex: 13    Spells: 11/12 levels left

rFire   . . .      SeeInvis .   k - +0 hand axe "Clairvoyant Elitism" {Melee, Evo} (curse)
rCold   . . .      Faith    .   (no shield)
rNeg    + . .      Spirit   .   c - +0 scale mail
rPois   .          Reflect  .   (no helmet)
rElec   .          Harm     .   (no cloak)
rCorr   .          Rampage  .   b - +0 pair of gloves
Will    .....                   (no boots)
Stlth   ..........              (no amulet)
HPRegen 0.08/turn               p - ring of positive energy
MPRegen 0.11/turn               (no ring)

@: confused, very slightly contaminated
A: fangs 1, strong nose, distributed training
a: Renounce Religion, Shatter the Chains


You were on level 2 of the Dungeon.
You worshipped Ashenzari.
Ashenzari was noncommittal.
You visited 1 branch of the dungeon, and saw 2 of its levels.

You collected 105 gold pieces.

Inventory:

Hand Weapons
 a - a +2 dagger
 e - a +0 mace
 k - the cursed +0 hand axe "Clairvoyant Elitism" (weapon) {Melee, Evo}
   (You found it on level 1 of the Dungeon)

   It has a curse which improves the following skills: Melee Combat: Short
   Blades, Long Blades, Axes, Maces & Flails, Polearms, Staves and Unarmed
   Combat.
   Evocations: Evocations.
 o - a +0 hand axe
Armour
 b - a +0 pair of gloves (worn)
 c - a +0 scale mail (worn)
 h - a +0 robe
 i - a +0 leather armour
Jewellery
 p - a ring of positive energy (left hand)
Scrolls
 d - a scroll of blinking
 f - a scroll of fear
 j - 2 scrolls of poison {unknown}
 l - 2 scrolls of amnesia {unknown}
 m - a scroll of immolation {unknown}
Potions
 g - a potion of curing {unknown}
 n - a potion of magic {unknown}
 q - a potion of brilliance {unknown}


   Skills:
 + Level 0.7 Fighting
 + Level 0.7(1.0) Short Blades
 + Level 0.7(1.0) Long Blades
 + Level 0.7(1.0) Axes
 + Level 0.7(1.0) Maces & Flails
 + Level 0.7(1.0) Polearms
 + Level 0.7(1.0) Staves
 + Level 0.7 Ranged Weapons
 + Level 0.7 Throwing
 + Level 6.5 Armour
 + Level 0.7 Dodging
 + Level 6.0 Stealth
 + Level 0.7 Shields
 + Level 0.7(1.0) Unarmed Combat
 + Level 5.0 Spellcasting
 + Level 0.5 Conjurations
 + Level 0.5 Hexes
 + Level 0.5 Summonings
 + Level 0.5 Necromancy
 + Level 0.5 Translocations
 + Level 0.5 Transmutations
 + Level 0.5 Fire Magic
 + Level 0.5 Ice Magic
 + Level 0.5 Air Magic
 + Level 3.7 Earth Magic
 + Level 0.5 Poison Magic
 + Level 0.9 Invocations
 + Level 0.7(1.0) Evocations


You had 11 spell levels left.
You knew the following spells:

 Your Spells              Type           Power      Damage    Failure   Level
a - Sandblast             Erth           20%        2d7       22%         1

Your spell library contained the following spells:

 Spells                   Type           Power      Damage    Failure   Level
 Magic Dart               Conj           12%        1d3       63%         1
 Shock                    Conj/Air       12%        1d3       63%         1
 Blink                    Tloc           6%         N/A       77%         2
 Call Imp                 Summ           3%         N/A       77%         2
 Poisonous Vapours        Pois/Air       6%         N/A       77%         2
 Stone Arrow              Conj/Erth      12%        3d7       77%         3
 Lesser Beckoning         Tloc           3%         N/A       94%         3
 Mephitic Cloud           Conj/Pois/Air  3%         N/A       94%         3
 Swiftness                Air            3%         N/A       94%         3
 Airstrike                Air            1%         2d(1-17)  100%        4
 Corpse Rot               Necr/Pois/Air  3%         N/A       100%        4
 Manifold Assault         Tloc           3%         N/A       100%        5


Dungeon Overview and Level Annotations

Branches:
Dungeon (2/15)

Altars:
Ashenzari

Annotations:
D:2 Sigmund


Innate Abilities, Weirdness & Mutations

You have very sharp teeth.
Your uncanny sense of smell can sniff out nearby items.
Your experience applies equally to all skills.


Message History

Press: ? - help, Q - select action, (/) - cycle Shift-Dir - straight line, f/p - hobgoblin
Aim: a hobgoblin (82% to hit)
You miscast Sandblast.
Nothing appears to happen.
Sigmund closely misses you. The hobgoblin closely misses you.
Aiming: Sandblast (safe; 22% risk of failure)
Press: ? - help, Q - select action, (/) - cycle Shift-Dir - straight line, f/p - hobgoblin
Aim: a hobgoblin (82% to hit)
You miscast Sandblast.
Nothing appears to happen.
The hobgoblin hits you but does no damage.
You hit the hobgoblin but do no damage. You bite the hobgoblin.
The hobgoblin is moderately wounded.
Sigmund hits you from afar with a +0 scythe.
The hobgoblin hits you.
You hit the hobgoblin.
You kill the hobgoblin!
Sigmund hits you from afar with a +0 scythe.
Your Stealth skill increases to level 6!
Sigmund hits you with a +0 scythe!
* * * LOW HITPOINT WARNING * * *
You see here a hobgoblin corpse.
You hit Sigmund.
Sigmund is lightly wounded.
Sigmund closely misses you.
You closely miss Sigmund. Your bite misses Sigmund.
Sigmund is lightly wounded.
Sigmund gestures at you while chanting.
You are confused.
You hit Sigmund but do no damage. Your bite misses Sigmund.
Sigmund is lightly wounded.
Sigmund gestures wildly while chanting.
Sigmund flickers and vanishes!
Deactivating autopickup; reactivate with Ctrl-A.
Okay, then.
Okay, then.
You miss something. Something hits you.
* * * LOW HITPOINT WARNING * * *
You're too confused to move!
Something hits you but does no damage.
You bump into the rock wall.
You bump into the rock wall.
Something hits you!
You die...

##.......## ...#.#.#..#
##### .###........# #....
.....#.#.#..# #....
............# #....
..(.........# #....
..........##########.... .
......{@................
..########.#####.........
#.#.....<#.# #.........
#.#'######.# #.........
#.....# #.# #......... ∆
#.....# #.#####.....####
#.....####.....#.....# #.
#.....##.........##### #.
.##.....##.........#######.


There were no monsters in sight!

Vanquished Creatures
  2 dart slugs (D:2)
  2 ball pythons (D:1)
  2 endoplasms (D:1)
  A giant cockroach (D:2)
  4 hobgoblins
  A quokka (D:1)
  A bat (D:1)
  3 goblins
  5 kobolds
21 creatures vanquished.

Notes
Turn   | Place    | Note
-------+----------+-------------------------------------------
     0 | D:1      | mtoz the Gnoll Wanderer began the quest for the Orb.
     0 | D:1      | mtoz set off with the following items: a +2 dagger, a
                  | scroll of fear, a +0 scale mail, a scroll of blinking; and
                  | the following spell memorised: Sandblast; and the following
                  | spells available to memorise: Stone Arrow.
     0 | D:1      | Reached XP level 1. HP: 13/13 MP: 6/6
   547 | D:1      | Reached XP level 2. HP: 19/19 MP: 7/7
   643 | D:1      | Found a faded altar of an unknown god.
  1562 | D:1      | Prayed at the altar of an unknown god.
  1562 | D:1      | Became a worshipper of Ashenzari the Shackled
  1780 | D:2      | Reached skill level 5 in Spellcasting
  1780 | D:2      | Reached XP level 3. HP: 20/25 MP: 7/9
  1915 | D:2      | Noticed Sigmund
  1936 | D:2      | Mangled by Sigmund

Illustrated notes

Levels and vault maps discovered:
D:1:      psy_arrival_conway, layout_basic,
          dreamdust_ecumenical_altar_hidden_monk_grotto
D:2:      layout_basic, serial_glass, glass_columns_c, glass_columns_a,
          glass_columns_b, glass_columns_a, glass_columns_a, glass_columns_b,
          glass_columns_b, glass_columns_c, glass_columns_b, glass_columns_b,
          uniq_crazy_yiuf_cottage, uniq_sigmund

Skill      XL: |  1  2  3 |
---------------+----------+-----
Spellcasting   | 5 |  5.0
Stealth        | 6 |  6.0
Fighting       | |  0.7
Short Blades   | |  0.7
Long Blades    | |  0.7
Axes           | |  0.7
Maces & Flails | |  0.7
Polearms       | |  0.7
Staves         | |  0.7
Ranged Weapons | |  0.7
Throwing       | |  0.7
Armour         | |  6.5
Dodging        | |  0.7
Shields        | |  0.7
Unarmed Combat | |  0.7
Conjurations   | |  0.5
Hexes          | |  0.5
Summonings     | |  0.5
Necromancy     | |  0.5
Translocations | |  0.5
Transmutations | |  0.5
Fire Magic     | |  0.5
Ice Magic      | |  0.5
Air Magic      | |  0.5
Earth Magic    | |  3.7
Poison Magic   | |  0.5
Invocations    | |  0.9
Evocations     | |  0.7

Action                   || total
-------------------------++-------
Melee: Dagger            ||    49
       Bite              ||    12
       Punch             ||     1
       Hand axe          ||    30
 Cast: Sandblast         ||     4
Invok: Curse Item        ||     1
  Use: Scroll            ||     1
 Stab: Sleeping          ||     1
Armor: Scale mail        ||    53
Dodge: Dodged            ||    32
